 Dungeon Crawl Stone Soup version 0.20-a0-871-g785f14b (webtiles) character file.

776 krabocopter the Skirmisher (level 8, -9/65 (67) HPs)
             Began as a Formicid Fighter on Mar 14, 2017.
             Was a Follower of Okawaru.
             Killed by divine providence
             ... invoked by an orc priest
              (16 damage)
             ... on level 5 of the Dungeon.
             The game lasted 00:11:10 (4414 turns).

krabocopter the Skirmisher (Formicid Fighter)       Turns: 4414, Time: 00:11:11

HP:   -9/65 (67)    AC:  8    Str: 27    XL:     8   Next: 10%
MP:   8/8           EV:  9    Int:  7    God:    Okawaru [*.....]
Gold: 77            SH: 11    Dex: 12    Spells: 7/7 levels left

rFire    . . .     SeeInvis +   a - +0 long sword
rCold    . . .     Gourm    .   r - +1 ring mail {rN+}
rNeg     + . .     Faith    .   c - +0 shield
rPois    .         Spirit   .   (helmet unavailable)
rElec    .         Reflect  .   w - +0 cloak
rCorr    .         Harm     .   (no gloves)
MR       .....                  (no boots)
Stlth    ++........             (no amulet)
Regen    0.2/turn               (no ring)
MPRegen  0.2/turn               o - ring of stealth

@: mighty
A: permanent stasis, dig shafts and tunnels, four strong arms, antennae 3
a: Dig, Shaft Self, Heroism, Renounce Religion


You were on level 5 of the Dungeon.
You worshipped Okawaru.
Okawaru was aware of your devotion.
You were very hungry.

You visited 1 branch of the dungeon, and saw 5 of its levels.

You collected 169 gold pieces.
You spent 92 gold pieces at shops.

Inventory:

Hand Weapons
 a - a +0 long sword (weapon)
Armour
 c - a +0 shield (worn)
 r - a +1 ring mail of positive energy (worn)
 w - a +0 cloak (worn)
Jewellery
 o - a ring of stealth (left hand)
 t - an uncursed ring of wizardry {unknown}
 x - an uncursed ring of resist corrosion {unknown}
Scrolls
 e - 4 scrolls of remove curse
 i - a scroll of blinking {unknown}
 j - a scroll of enchant weapon {unknown}
 k - a scroll of immolation {unknown}
 n - 2 scrolls of teleportation
 p - a scroll of enchant armour {unknown}
 q - a scroll of fear {unknown}
 u - 3 scrolls of identify
 v - 3 scrolls of amnesia {unknown}
Potions
 b - a potion of berserk rage {unknown}
 d - 2 potions of might
 g - a potion of agility
 h - 2 potions of resistance {unknown}
 m - 2 potions of lignification {unknown}
 s - 2 potions of haste
Comestibles
 f - 2 bread rations
 l - a royal jelly
 z - 2 fruits


   Skills:
 * Level 7.2 Fighting
 - Level 2.0 Long Blades
 + Level 5.6 Armour
 + Level 6.3 Shields


You had 7 spell levels left.
You didn't know any spells.

Dungeon Overview and Level Annotations

Branches:
Dungeon (5/15)             Temple (0/1) D:4

Altars:
Dithmenos
Okawaru
Qazlal
Vehumet
Yredelemnul

Shops:
D:4 [   D:5 *?


Innate Abilities, Weirdness & Mutations

You cannot be hasted, slowed, berserked, paralysed or teleported.
You can dig through walls and to a lower floor.
Your four strong arms can wield two-handed weapons with a shield.
You have a pair of large antennae on your head. (SInv)


Message History

The magic dart hits you!
* * * LOW HITPOINT WARNING * * *
The orc priest hits you.
* * * LOW HITPOINT WARNING * * *
The orc wizard completely misses you.
You riposte.
You hit the orc wizard.
You take 9 damage, and have 11/65 hp.
You closely miss the orc priest. You block the orc wizard's attack.
You block the orc's attack. The orc priest closely misses you.
The orc wizard misses you.
The orc wizard mumbles some strange words.
The orc wizard blinks!
The orc hits you from afar with a trident.
* * * LOW HITPOINT WARNING * * *
You take 4 damage, and have 7/65 hp.
It was a potion of haste.
Your stasis prevents you from being hasted.
The orc wizard looks encouraged for a moment.
The orc priest invokes the aid of Beogh against you.
Beogh smites you!
You die...

.....................##.#
..##################.##.#
[.# #.......# #.##.# ###
#.......# #.##.#
#.......# #.##.#
#.......###..#.####
#.................#
#...............<.#
##.....@......o...#
#.....oo.........#
#######.o........#
#....⌠.⌠...# #####.∩.####
#⌠.⌠# #...# #.....{.#
#...o.{.#


You could see an orc priest, 2 orc wizards and an orc.

Vanquished Creatures
  The ghost of krabocopter the Skirmisher, an amateur DgWn (D:3)
  An ice beast (D:5)
  A necrophage (D:4)
  A howler monkey (D:4)
  A hound (D:4)
  5 orc priests
  2 orc wizards
  Robin (D:4)
  7 adders
  An ooze (D:1)
  An adder skeleton (D:5)
  6 worms
  2 dart slugs
  9 leopard geckos
  11 orcs
  6 bats
  4 giant cockroaches
  11 goblins
  17 hobgoblins
  11 jackals
  10 kobolds
  A quokka (D:3)
  7 frilled lizards
  2 gnoll zombies (D:2)
  A leopard gecko skeleton (D:5)
  7 rats
127 creatures vanquished.

Notes
Turn   | Place    | Note
-------+----------+-------------------------------------------
     0 | D:1      | krabocopter the Formicid Fighter began the quest for the Orb.
     0 | D:1      | Reached XP level 1. HP: 18/18 MP: 1/1
    76 | D:1      | Reached XP level 2. HP: 24/24 MP: 2/2
   193 | D:1      | Reached XP level 3. HP: 24/30 MP: 3/3
   367 | D:1      | Reached skill level 4 in Fighting
   703 | D:1      | Reached XP level 4. HP: 37/37 MP: 4/4
  1049 | D:2      | Found a stormy altar of Qazlal.
  1125 | D:2      | Found an iron altar of Okawaru.
  1138 | D:2      | Became a worshipper of Warmaster Okawaru
  1429 | D:2      | Reached XP level 5. HP: 42/43 MP: 5/5
  1536 | D:2      | Found a basalt altar of Yredelemnul.
  1823 | D:3      | Reached skill level 5 in Fighting
  1954 | D:3      | Reached skill level 5 in Shields
  2198 | D:3      | Reached XP level 6. HP: 45/51 MP: 6/6
  2340 | D:3      | Found a shadowy altar of Dithmenos.
  2350 | D:3      | Noticed krabocopter's ghost (amateur DgWn)
  2382 | D:3      | Killed krabocopter's ghost
  2432 | D:3      | Found a radiant altar of Vehumet.
  2828 | D:4      | Found a staircase to the Ecumenical Temple.
  2851 | D:4      | Reached XP level 7. HP: 52/57 MP: 7/7
  2866 | D:4      | Reached skill level 6 in Fighting
  2866 | D:4      | Reached skill level 5 in Armour
  2991 | D:4      | Noticed Robin
  3072 | D:4      | Reached * piety under Okawaru
  3098 | D:4      | Killed Robin
  3325 | D:4      | Found Raas's Armour Boutique.
  4079 | D:5      | Entered Level 5 of the Dungeon
  4126 | D:5      | Found Odeim's General Store.
  4137 | D:5      | Reached skill level 7 in Fighting
  4137 | D:5      | Reached XP level 8. HP: 65/65 MP: 8/8
  4141 | D:5      | Bought a potion of agility for 40 gold pieces
  4141 | D:5      | Bought a scroll of remove curse for 30 gold pieces
  4376 | D:5      | Found Idijoss's Magic Scroll Boutique.
  4388 | D:5      | Bought a scroll of identify for 22 gold pieces
  4414 | D:5      | Killed from afar by an orc priest

Vault maps used:
D:1:      dpeg_arrival_houses_and_road, minmay_close_crescents
D:2:      grunt_qazlal_clouds, okawaru_ov_weapons_minmay,
          lemuel_zombie_altar_yredelemnul, first_bread
D:3:      grunt_dithmenos_smoke, vehumet_crystals
D:4:      minmay_temple_entry_overgrown, serial_shops, shop, uniq_robin
D:5:      serial_shops, shop_fountains, shop_fountains, glass_columns_b,
          fedhas_altar_4

Skill      XL: |  1  2  3  4  5  6  7 |
---------------+----------------------+-----
Shields        | 4 5 6 |  6.3
Fighting       | 4 5 7 |  7.2
Armour         | 4 5 |  5.6
Long Blades    | |  2.0

Action                   |  1- 3 |  4- 6 |  7- 9 || total
-------------------------+-------+-------+-------++-------
Melee: Long sword        |   105 |   209 |   144 ||   458
  Use: Potion            |       |       |     2 ||     2
       Scroll            |       |       |     1 ||     1
 Stab: Sleeping          |       |     1 |       ||     1
  Eat: Chunk             |       |     7 |     4 ||    11
Armor: Scale mail        |    38 |    43 |       ||    81
       Ring mail         |       |    26 |    53 ||    79
Dodge: Dodged            |    33 |    74 |    50 ||   157
Block: Shield            |    72 |   112 |   103 ||   287
       Rpst.: Long sword |     9 |    20 |    16 ||    45
